cohdb
Replays
Latest Replays
All Replays
Popular Replays
Top Player Replays
Match Explorer
How It Works
Community
CoH3 Stats
Reddit
Sign in to upload your games and track your stats! →
Sign in with Steam
Match 42722195
Unlisted
Match 42722195
Overview
Messages
Build Orders
End
Pioneer Squad
Construct Infanterie Kompanie
Selects Breakthrough Battlegroup
Selects Assault Grenadiers
Grenadier Squad
MG 42 Machine Gun Team
Grenadier Squad
Infanterie Officer Quarters
Grenadier Squad
Kettenkrad Recon Vehicle
Selects Breakthrough
Selects Mechanized Assault Group
Mechanized Assault Group
Medical Station
Construct Luftwaffe Kompanie
Mechanized Assault Group
Selects Rapid Production
Construct Panzer Kompanie
Pioneer Squad
Stoßtruppen Squad
Selects Blitzkrieg
Panzer Officer Quarters
Stoßtruppen Squad
Sturmpanzer IV Brummbär
Selects Tiger Heavy Tank
Tiger Heavy Tank
Side Skirts
Blitzkrieg
MG 42 Machine Gun Team
Tiger Heavy Tank
Breakthrough
Pioneer Squad
MG 42 Machine Gun Team
Breakthrough
Blitzkrieg
R_O_N_I_N_93
Nashorn101
Yee2K
3rdDUI
0
0
Comments
sign in to comment!
No comments posted yet!